 Dungeon Crawl Stone Soup version 0.19-a0-1920-g83281cb (webtiles) character file.

51 Kaname the Digger (level 3, 0/24 HPs)
             Began as a Demonspawn Earth Elementalist on Oct 23, 2016.
             Succumbed to an adder's poison
             ... on level 2 of the Dungeon.
             The game lasted 00:03:24 (1578 turns).

Kaname the Digger (Demonspawn Earth Elementalist)   Turns: 1578, Time: 00:03:25

Health: 0/24       AC:  2    Str:  8    XL:     3   Next: 57%
Magic:  1/6        EV: 17    Int: 17    God:
Gold:   40         SH:  0    Dex: 18    Spells: 3 memorised, 0 levels left

rFire  + + .     SeeInvis .     a - +0 short sword
rCold  + . .     Gourm    .     c - +0 robe
rNeg   . . .     Faith    .     (no shield)
rPois  +         Spirit   .     (no helmet)
rElec  +         Reflect  .     (no cloak)
rCorr  +         Harm     .     (no gloves)
MR     .....                    (no boots)
Stlth  +++.......               (no amulet)
                                (no ring)
                                (no ring)

@: agile, lethally poisoned (0 -> -7), resistant, very slightly contaminated,
invisible
A: claws 1, fire resistance 1
a: no special abilities


You were on level 2 of the Dungeon.
You were hungry.

You visited 1 branch of the dungeon, and saw 2 of its levels.

You collected 40 gold pieces.

Inventory:

Hand Weapons
 a - a +0 short sword (weapon)
Missiles
 b - 62 stones (quivered)
Armour
 c - a +0 robe (worn)
Scrolls
 i - 2 scrolls of identify {unknown}
 k - a scroll of teleportation {unknown}
 l - 2 scrolls of recharging {unknown}
Books
 e - a book of Geomancy

   Spells                             Type                      Level
   a - Sandblast                      Earth                        1
   b - Passwall                       Transmutation/Earth          2
   c - Stone Arrow                    Conjuration/Earth            3
   d - Petrify                        Transmutation/Earth          4
   e - Lee's Rapid Deconstruction     Earth                        5
Comestibles
 d - 3 bread rations


   Skills:
 - Level 1.8 Dodging
 - Level 1.8 Stealth
 - Level 2.0 Spellcasting
 - Level 0.8 Transmutations
 + Level 4.1 Earth Magic


You couldn't memorise any spells.
You knew the following spells:

 Your Spells              Type           Power        Failure   Level  Hunger
a - Sandblast             Erth           ###...       3%          1    #......
b - Passwall              Tmut/Erth      ##........   12%         2    ###....
c - Stone Arrow           Conj/Erth      #.....       24%         3    ###....


Dungeon Overview and Level Annotations

Branches:
Dungeon (2/15)

Altars:


Innate Abilities, Weirdness & Mutations

You have sharp fingernails.
Your flesh is heat resistant. (rF+)


Message History

* * * LOW HITPOINT WARNING * * *
All of the chunks of flesh in your inventory have rotted away.
It was a potion of resistance.
You feel protected.
* * * LOW HITPOINT WARNING * * *
You feel sick. The adder misses you.
It was a potion of invisibility.
You fade into invisibility!
The adder closely misses you.
You are very lightly contaminated with residual magic.
You catch the helpless adder completely off-guard!
You puncture the adder!
You kill the adder!
Your Earth Magic skill increases to level 4!
You are feeling hungry.
* * * LOW HITPOINT WARNING * * *
You feel sick.
* * * LOW HITPOINT WARNING * * *
You feel sick.
You die...

.###...>............#
................##....#
................# ....#
.#..............# ...#
................##
.#................#
..................#
.#................#
.......@..........#
.#................#
..................#
##................#
##...............
#......#########
########


There were no monsters in sight!

Vanquished Creatures
  2 adders (D:2)
  2 dart slugs
  A leopard gecko (D:1)
  5 bats
  2 giant cockroaches (D:1)
  2 goblins (D:1)
  4 hobgoblins
  4 kobolds
  2 ball pythons
  A frilled lizard (D:1)
  2 rats (D:1)
27 creatures vanquished.

Notes
Turn   | Place    | Note
-------+----------+-------------------------------------------
     0 | D:1      | Kaname the Demonspawn Earth Elementalist began the quest for the Orb.
     0 | D:1      | Reached XP level 1. HP: 13/13 MP: 3/3
   243 | D:1      | Reached skill level 3 in Earth Magic
   297 | D:1      | Gained mutation: Your flesh is heat resistant. (rF+) [demonic ancestry]
   297 | D:1      | Reached XP level 2. HP: 18/19 MP: 3/5
  1266 | D:2      | Gained mutation: You have sharp fingernails. [demonic ancestry]
  1266 | D:2      | Reached XP level 3. HP: 16/24 MP: 2/6
  1372 | D:2      | Learned a level 2 spell: Passwall
  1376 | D:2      | Learned a level 3 spell: Stone Arrow
  1575 | D:2      | Reached skill level 4 in Earth Magic
  1576 | D:2      | HP: 1/24 [poisoned by an adder]
  1578 | D:2      | Succumbed to an adder's poison

Vault maps used:
D:1:      roderic_octagonal_star
D:2:      first_bread, serial_glass, glass_columns_c, glass_columns_c,
          uniq_sigmund

Skill      XL: |  1  2  3 |
---------------+----------+-----
Earth Magic    | 3 4 |  4.1
Dodging        | |  1.8
Stealth        | |  1.8
Spellcasting   | |  2.0
Transmutations | |  0.8

Action                   || total
-------------------------++-------
Melee: Short sword       ||    72
 Cast: Sandblast         ||    25
  Use: Potion            ||     3
 Stab: Sleeping          ||     3
       Invisible         ||     1
  Eat: Chunk             ||     2
Armor: Robe              ||    20
Dodge: Dodged            ||    73
